[Event "XVII Orsha-2019 Open"]
[Site "Orsha"]
[Date "2019.01.24"]
[Round "9.32"]
[White "Bialiauski, Artsiom"]
[Black "Ivanov, Igor"]
[Result "0-1"]
[ECO "B07"]
[WhiteElo "1914"]
[BlackElo "2131"]
[PlyCount "52"]
[EventDate "2019.01.18"]
[EventType "swiss"]
[EventCountry "BLR"]
[TimeControl "5400+30"]

1. d4 d6 2. Nc3 g6 3. e4 Bg7 4. Be3 Nf6 5. f3 c6 6. Qd2 b5 7. O-O-O Nbd7 8. e5 b4 9. Nb1 Nd5 10. exd6 exd6 11. Bg5 f6 12. Re1+ Kf7 13. Bh4 h5 14. Qd3 N7b6 15. Nh3 Bh6+ 16. Nd2 a5 17. Kb1 Ba6 18. Qe4 Bxd2 19. Bxa6 Bxe1 20. Rxe1 Rxa6 21. Qe6+ Kg7 22. f4 Qd7 23. Qe2 Raa8 24. Qf2 Rae8 25. Rc1 Qg4 26. Bg3 h4 0-1

[Event "XVII Orsha-2019 Open"]
[Site "Orsha"]
[Date "2019.01.24"]
[Round "9.33"]
[White "Gonov, Sergey"]
[Black "Slesareva, Miraslava"]
[Result "0-1"]
[ECO "B28"]
[WhiteElo "1905"]
[BlackElo "1626"]
[PlyCount "54"]
[EventDate "2019.01.18"]
[EventType "swiss"]
[EventCountry "BLR"]
[TimeControl "5400+30"]

1. e4 c5 2. Nf3 a6 3. d4 cxd4 4. Nxd4 Nf6 5. Nc3 e5 6. Nf5 d5 7. Ng3 d4 8. Nce2 Bb4+ 9. c3 dxc3 10. Qa4+ Nc6 11. bxc3 Bc5 12. Ba3 b5 13. Qb3 Na5 14. Bxc5 Nxb3 15. axb3 Be6 16. Rd1 Qc8 17. b4 Nd7 18. Bd6 f6 19. f4 exf4 20. Nh5 Kf7 21. Nhxf4 Re8 22. g3 Ne5 23. Nxe6 Qxe6 24. Nf4 Qb3 25. Nd5 Nf3+ 26. Kf2 Qc2+ 27. Be2 Ng5 0-1

[Event "XVII Orsha-2019 Open"]
[Site "Orsha"]
[Date "2019.01.24"]
[Round "9.34"]
[White "Loshakov, Dmitry"]
[Black "Volchkov, Ivan"]
[Result "1-0"]
[ECO "D03"]
[WhiteElo "1852"]
[BlackElo "1685"]
[PlyCount "129"]
[EventDate "2019.01.18"]
[EventType "swiss"]
[EventCountry "BLR"]
[TimeControl "5400+30"]

1. d4 Nf6 2. Nf3 e6 3. Bg5 d5 4. e3 c5 5. c3 Be7 6. Bd3 h6 7. Bh4 Nbd7 8. Ne5 Ne4 9. Bxe7 Qxe7 10. O-O O-O 11. f3 Nd6 12. Nxd7 Bxd7 13. dxc5 Nc4 14. Bxc4 dxc4 15. Qd4 Bb5 16. Qd6 Qg5 17. f4 Qg4 18. Na3 Rfd8 19. h3 Qg6 20. f5 Qg5 21. Qf4 Qxf4 22. exf4 a6 23. fxe6 fxe6 24. Rae1 Rd2 25. Rf2 Rxf2 26. Kxf2 Kf7 27. Rd1 Ke7 28. Rd4 Rc8 29. Nxc4 Rxc5 30. Ne5 Be8 31. c4 Ra5 32. a3 h5 33. Rd3 Rc5 34. b4 Rc7 35. Kg3 Kf6 36. Rd6 g5 37. Nf3 gxf4+ 38. Kxf4 Rxc4+ 39. Ke3 Rc3+ 40. Rd3 Rxd3+ 41. Kxd3 Bc6 42. Ke3 e5 43. g4 hxg4 44. hxg4 Be8 45. Nd2 Bc6 46. Nc4 Bd5 47. Kd3 Bf3 48. g5+ Kf5 49. g6 e4+ 50. Ke3 Kxg6 51. Nd6 b6 52. Nxe4 Bd1 53. Nc3 Bb3 54. Kd4 Kf7 55. Nd5 Ke6 56. Nxb6 Kd6 57. Nc4+ Kc7 58. Kc5 Ba4 59. Ne5 Bb5 60. Nf7 Be8 61. Nd6 Bd7 62. Ne4 Be8 63. Nf6 Bc6 64. Nd5+ Kb7 65. Kd6 1-0

[Event "XVII Orsha-2019 Open"]
[Site "Orsha"]
[Date "2019.01.24"]
[Round "9.35"]
[White "Poghosyan, Sarmen"]
[Black "Sukalina, Alina"]
[Result "1/2-1/2"]
[ECO "C68"]
[WhiteElo "1361"]
[BlackElo "1546"]
[PlyCount "109"]
[EventDate "2019.01.18"]
[EventType "swiss"]
[EventCountry "BLR"]
[TimeControl "5400+30"]

1. e4 e5 2. Nf3 Nc6 3. Bb5 a6 4. Bxc6 dxc6 5. O-O Bg4 6. d3 Bd6 7. Nbd2 Ne7 8. h3 Bh5 9. Re1 c5 10. Nc4 Nc6 11. c3 f6 12. Ne3 Qd7 13. a3 a5 14. Nf1 a4 15. Ng3 Bg6 16. b3 axb3 17. Qxb3 Na5 18. Qb2 O-O 19. Nd2 b5 20. Nb3 Nxb3 21. Qxb3+ Bf7 22. Qb2 Rfd8 23. Rd1 b4 24. axb4 Rxa1 25. Qxa1 cxb4 26. cxb4 Bxb4 27. Qb1 Bf8 28. Be3 Qa4 29. Rc1 Bd6 30. Nf5 Qa6 31. Rc3 Bg6 32. Qb3+ Kh8 33. Nxd6 Qxd6 34. Qb7 Rd7 35. Qc8+ Rd8 36. Qxc7 Qxc7 37. Rxc7 Kg8 38. Rc3 Be8 39. Kf1 Bb5 40. Ke2 Kf7 41. f4 exf4 42. Bxf4 g5 43. Bg3 Re8 44. Rb3 Rxe4+ 45. Kf3 Ba4 46. dxe4 Bxb3 47. h4 h5 48. hxg5 fxg5 49. Bc7 Kg6 50. g3 Bd1+ 51. Ke3 h4 52. gxh4 gxh4 53. Kf4 Bc2 54. Kg4 Bxe4 55. Kxh4 1/2-1/2

[Event "XVII Orsha-2019 Open"]
[Site "Orsha"]
[Date "2019.01.24"]
[Round "9.36"]
[White "Dolgopyatov, Evgeniy"]
[Black "Dolgopyatov, Andrey"]
[Result "1/2-1/2"]
[ECO "A17"]
[WhiteElo "1661"]
[BlackElo "1393"]
[PlyCount "44"]
[EventDate "2019.01.18"]
[EventType "swiss"]
[EventCountry "BLR"]
[TimeControl "5400+30"]

1. c4 Nf6 2. Nc3 e6 3. g3 d5 4. cxd5 exd5 5. Bg2 c6 6. d4 Bf5 7. Nf3 Bd6 8. O-O O-O 9. h3 Nbd7 10. a3 h6 11. b4 b5 12. Nd2 Re8 13. Nb3 Nb6 14. Nc5 Qc8 15. Kh2 Nc4 16. Bd2 Qc7 17. Qc1 Kh7 18. Bf4 Re7 19. Bxd6 Qxd6 20. Qf4 Qxf4 21. gxf4 Ree8 22. e3 Kg8 1/2-1/2

[Event "XVII Orsha-2019 Open"]
[Site "Orsha"]
[Date "2019.01.24"]
[Round "9.37"]
[White "Simonian, Anna"]
[Black "Kulikov, Egor"]
[Result "0-1"]
[ECO "C45"]
[WhiteElo "1289"]
[BlackElo "1557"]
[PlyCount "112"]
[EventDate "2019.01.18"]
[EventType "swiss"]
[EventCountry "BLR"]
[TimeControl "5400+30"]

1. e4 e5 2. Nf3 Nc6 3. d4 exd4 4. Nxd4 Nf6 5. Nxc6 dxc6 6. Qxd8+ Kxd8 7. Bg5 Be7 8. Nc3 h6 9. Bh4 g5 10. Rd1+ Bd7 11. Bg3 Nh5 12. Bc4 Nxg3 13. hxg3 Rh7 14. e5 Ke8 15. a3 Bf5 16. Bb3 Rd8 17. f3 b5 18. g4 Bg6 19. Rxd8+ Kxd8 20. Ke2 Bc5 21. Rd1+ Ke7 22. Kf1 h5 23. gxh5 Rxh5 24. Na2 Rh1+ 25. Ke2 Rxd1 26. Kxd1 a5 27. c3 a4 28. Bc2 Bxc2+ 29. Kxc2 Ke6 30. Nc1 Kxe5 31. Nd3+ Kd5 32. Kd2 f6 33. Kc2 Kc4 34. Kd2 Be7 35. g4 Kb3 36. Kd1 c5 37. Kc1 b4 38. cxb4 cxb4 39. axb4 Bxb4 40. Nf2 a3 41. bxa3 Bxa3+ 42. Kd2 Bd6 43. Ne4 Be5 44. Kd3 Kb4 45. Kc2 c5 46. Nf2 Kc4 47. Nd3 Kd4 48. Ne1 Ke3 49. Kd1 c4 50. Kc1 Ke2 51. Nc2 Kxf3 52. Na3 c3 53. Kc2 Kxg4 54. Nc4 Kh3 55. Nxe5 fxe5 56. Kxc3 g4 0-1

[Event "XVII Orsha-2019 Open"]
[Site "Orsha"]
[Date "2019.01.24"]
[Round "9.38"]
[White "Masterova, Daria"]
[Black "Davidov, Alexey"]
[Result "0-1"]
[ECO "B02"]
[WhiteElo "1500"]
[BlackElo "1688"]
[PlyCount "90"]
[EventDate "2019.01.18"]
[EventType "swiss"]
[EventCountry "BLR"]
[TimeControl "5400+30"]

1. e4 d5 2. exd5 Nf6 3. Nc3 Nxd5 4. Qf3 c6 5. Bc4 e6 6. a3 Be7 7. Nge2 O-O 8. O-O Nd7 9. d4 Nxc3 10. Qxc3 Bf6 11. Be3 Nb6 12. Bd3 Re8 13. Qd2 e5 14. dxe5 Bxe5 15. Rab1 Nd5 16. Bg5 Qc7 17. Ng3 h6 18. Be3 Nxe3 19. Qxe3 Be6 20. b3 Bd6 21. Qd4 Be5 22. Qe4 g6 23. Rbe1 Bd5 24. Qh4 Kg7 25. Ne4 b6 26. f4 Bd4+ 27. Kh1 f5 28. Nf2 Qd6 29. a4 Qb4 30. Nh3 Qd2 31. Qg3 Kh7 32. Rd1 Qc3 33. Ng1 Re3 34. Nf3 Rae8 35. Qh3 Bf6 36. Bxf5 gxf5 37. Qxf5+ Kh8 38. Rd3 Rxd3 39. cxd3 Rg8 40. Qh3 Bg7 41. Ne5 Bf8 42. Ng4 Qg7 43. Ne3 Bxb3 44. f5 Be7 45. g4 Bg5 0-1

[Event "XVII Orsha-2019 Open"]
[Site "Orsha"]
[Date "2019.01.24"]
[Round "9.39"]
[White "Borodulin, Pavel"]
[Black "Platnitski, Siarhei"]
[Result "0-1"]
[ECO "E81"]
[WhiteElo "1481"]
[BlackElo "1383"]
[PlyCount "126"]
[EventDate "2019.01.18"]
[EventType "swiss"]
[EventCountry "BLR"]
[TimeControl "5400+30"]

1. d4 Nf6 2. c4 g6 3. Nc3 Bg7 4. e4 d6 5. f3 O-O 6. Be3 c5 7. d5 Nbd7 8. Nge2 a6 9. Ng3 Rb8 10. Be2 h5 11. O-O Ne5 12. Qd2 Kh7 13. h3 Qa5 14. f4 Ned7 15. a4 Ng8 16. f5 Ne5 17. fxg6+ fxg6 18. Rxf8 Bxf8 19. Nd1 Qxd2 20. Bxd2 Bg7 21. Bc3 Bd7 22. Nf2 Rf8 23. Rd1 Bxa4 24. Rc1 Bd7 25. Nf1 Nh6 26. Nd2 Nhf7 27. Nd3 Nxd3 28. Bxd3 Ne5 29. Be2 Bh6 30. Rf1 Rxf1+ 31. Kxf1 Bg7 32. Kf2 b5 33. cxb5 axb5 34. Ba5 Nf7 35. b3 Bd4+ 36. Ke1 Ng5 37. Bd8 Bf6 38. Kd1 Kg7 39. Bc7 Bc3 40. Bd3 Bxd2 41. Kxd2 Kf6 42. Ke3 Nf7 43. Ba5 b4 44. Be2 Ke5 45. Bc7 Kf6 46. Bf1 Ke5 47. Be2 e6 48. Bc4 exd5 49. Bxd5 Be6 50. Bxe6 Kxe6 51. g4 hxg4 52. hxg4 Ke5 53. Bb6 Ng5 54. Bd8 Nxe4 55. Be7 Nc3 56. Kd3 Nd5 57. Bf8 Nf4+ 58. Ke3 Ne6 59. Be7 g5 60. Kd3 d5 61. Ke3 d4+ 62. Kd3 Nf4+ 63. Kc4 d3 0-1